AoeStats
← Azatapower

Golden Pit

507582709Analyzed
1v1 RM · 13d ago on Sep 18, 2026· 28m 6s· 2 players
Game mode
Random Map
Map size
Tiny (2 player)
Population
200
Speed
Normal
Resources
Standard
Victory
Conquest
Starting age
Dark Age
Ending age
Imperial Age
RankedLock teamsTeams togetherTeam positionsShared explorationLock speedFull tech treeHidden civsTurbo modeCheats
Victory
Defeat
🇺🇸 Sicilians · United States
1369
+14
🇧🇷 Lithuanians · Brazil
1320
-14
Pagliacci
7:52 Loom
11:38 Feudal Age
12:14 Double-Bit Axe
17:27 Fletching
18:24 Scale Mail Armor
24:58 Castle Age
23:08 Horse Collar
24:03 Forging
25:01 Pikeman
25:42 Squires
26:09 Padded Archer Armor
28:17 Iron Casting
Azatapower
5:37 Loom
8:36 Feudal Age
11:29 Double-Bit Axe
11:24 Horse Collar
11:19 Man-at-Arms
15:00 Scale Mail Armor
15:31 Fletching
21:28 Castle Age
20:52 Forging
20:48 Scale Barding Armor
26:38 Light Cavalry
27:28 Bloodlines
Connection lost

Rejoining the realm…

Still unreachable

The connection could not be restored.

Session expired

The server has moved on; the page needs a fresh start.